 Dungeon Crawl Stone Soup version 0.22-a0-369-gc73351f (webtiles) character file.

15174 Amnesiac the Blocker (level 11, -3/89 HPs)
             Began as a Mummy Wizard on Apr 24, 2018.
             Was an Initiate of Gozag.
             Slain by an ice dragon (13 damage)
             ... on level 11 of the Dungeon.
             The game lasted 00:30:27 (15540 turns).

Amnesiac the Blocker (Mummy Wizard)                Turns: 15540, Time: 00:30:28

Health: -3/89      AC:  5    Str: 11    XL:     11   Next: 98%
Magic:  31/33      EV: 15    Int: 21    God:    Gozag
Gold:   2983       SH: 17    Dex: 10    Spells: 18/28 levels left

rFire    . . .     SeeInvis +   a - +3 hunting sling
rCold    . . .     Gourm    .   v - +0 shield
rNeg     + + +     Faith    .   F - +0 robe of Sloth {MP+9 Stlth+}
rPois    ∞         Spirit   .   d - +1 helmet
rElec    .         Reflect  +   j - +0 cloak {+Inv}
rCorr    .         Harm     .   (no gloves)
MR       +....                  (no boots)
Stlth    +++.......             t - +6 amulet of reflection
HPRegen  0.24/turn              m - ring of see invisible
MPRegen  0.23/turn              e - ring of fire

@: no status effects
A: no food or potions, fire vulnerability, cold resistance 1, negative energy
resistance 3, torment resistance, unbreathing
a: Potion Petition, Call Merchant, Bribe Branch, Renounce Religion, Evoke
Invisibility


You were on level 11 of the Dungeon.
You worshipped Gozag.
Gozag was most pleased with you.
You were not hungry.

You visited 2 branches of the dungeon, and saw 12 of its levels.

You collected 3012 gold pieces.
You paid 29 gold pieces to Gozag.

Inventory:

Hand Weapons
 a - a +3 hunting sling (weapon)
 b - a +0 scimitar of slicing
 o - a +2 antimagic demon trident
 w - a +2 dagger of venom
Missiles
 f - 276 stones (quivered)
 g - 70 sling bullets
Armour
 d - a +1 helmet (worn)
 j - a +0 cloak of invisibility (worn)
 v - a +0 shield (worn)
 F - the +0 robe of Sloth (worn) {MP+9 Stlth+}
   (You found it on level 11 of the Dungeon)

   It affects your magic capacity (+9).
   It makes you more stealthy.
Jewellery
 e - a ring of fire (right hand)
 k - an uncursed ring of fire
 m - a ring of see invisible (left hand)
 s - an uncursed ring of resist corrosion
 t - a +6 amulet of reflection (around neck)
 x - an uncursed ring of teleportation
Wands
 c - a wand of flame (23)
 B - a wand of iceblast (19)
 C - a wand of scattershot (7)
Scrolls
 h - a scroll of enchant armour {!r}
 i - 4 scrolls of fog {!r}
 l - 4 scrolls of remove curse {!r}
 n - 4 scrolls of identify {!r}
 p - 2 scrolls of magic mapping {!r}
 q - 2 scrolls of enchant weapon {!r}
 r - a scroll of amnesia {!r}
 u - 2 scrolls of fear {!r}
 y - a scroll of noise {!r}
 z - a scroll of holy word {!r}
Miscellaneous
 E - a phial of floods


   Skills:
 - Level 9.0 Fighting
 - Level 9.0 Dodging
 - Level 1.5 Stealth
 + Level 12.4 Shields
 - Level 9.0 Spellcasting
 - Level 0.7 Conjurations
 - Level 0.7 Summonings
 - Level 0.7 Translocations


You had 18 spell levels left.
You knew the following spells:

 Your Spells              Type           Power        Failure   Level  Hunger
b - Call Imp              Summ           ##......     11%         2    N/A
e - Mephitic Cloud        Conj/Pois/Air  ##......     26%         3    N/A
s - Conjure Flame         Conj/Fire      ###.....     26%         3    N/A
v - Blink                 Tloc           N/A          11%         2    N/A

Dungeon Overview and Level Annotations

Branches:
Dungeon (11/15)            Temple (1/1) D:4            Lair (0/6) D:8
    Orc (0/2) D:10

Altars:
Ashenzari
Cheibriados
Dithmenos
Elyvilon
Fedhas
Gozag
Hepliaklqana
Kikubaaqudgha
Makhleb
Nemelex Xobeh
Okawaru
Qazlal
Ru
Sif Muna
Trog
Uskayaw
Vehumet
Wu Jian
Xom
Yredelemnul
Zin
The Shining One

Shops:
D:9 ?


Innate Abilities, Weirdness & Mutations

You do not eat or drink.
Your flesh is vulnerable to fire.
You are immune to poison.
Your flesh is cold resistant. (rC+)
You are immune to negative energy. (rN+++)
You are immune to unholy pain and torment.
You can survive without breathing.


Message History

Anything else - Cancel.
You shout for attention!
Casting: Conjure Flame (safe; 26% risk of failure)
Confirm with . or Enter, or press ? or * to list all spells.
Aiming: Conjure Flame (safe; 26% risk of failure)
Press: ? - help, Dir - move target cursor You feel a surge of power!
The fire ignites!
What are your orders? t - Shout!
Orders for allies: a - Attack new target. r - Retreat! s - Stop attacking. g - Guard the area. f - Follow me.
Anything else - Cancel.
You shout for attention!
What are your orders? t - Shout!
Orders for allies: a - Attack new target. r - Retreat! s - Stop attacking. g - Guard the area. f - Follow me.
Anything else - Cancel.
You shout for attention!
The ice dragon breathes frost at you. The blast of cold misses you.
Casting: Conjure Flame (safe; 26% risk of failure)
Confirm with . or Enter, or press ? or * to list all spells.
Aiming: Conjure Flame (safe; 26% risk of failure)
Press: ? - help, Dir - move target cursor You feel a surge of power!
The fire ignites!
Firing (i - inventory. (/) - cycle)
f - 280 stones (quivered)
Press: ? - help, Shift-Dir - straight line, f - ice dragon
Aim: an ice dragon (flame)
You shoot a stone.
The stone closely misses the ice dragon.
The ice dragon is engulfed in blazing flames.
The ice dragon closely misses you. The ice dragon claws you.
You block the ice dragon's attack.
Firing (i - inventory. (/) - cycle)
f - 279 stones (quivered)
Press: ? - help, Shift-Dir - straight line, f/p - ice dragon
Aim: an ice dragon (flame, moderately wounded)
You shoot a stone.
The stone hits the ice dragon but does no damage.
The ice dragon is moderately wounded.
The ice dragon is engulfed in blazing flames.
The ice dragon breathes frost at you. The blast of cold hits you!
Firing (i - inventory. (/) - cycle)
f - 278 stones (quivered)
Press: ? - help, Shift-Dir - straight line, f/p - ice dragon
Aim: an ice dragon (flame, moderately wounded, catching its breath)
You shoot a stone.
The stone hits the ice dragon but does no damage.
The ice dragon is moderately wounded.
The ice dragon is engulfed in blazing flames.
The ice dragon breathes frost at you. The blast of cold hits you!
* * * LOW HITPOINT WARNING * * *
Firing (i - inventory. (/) - cycle)
f - 277 stones (quivered)
Press: ? - help, Shift-Dir - straight line, f/p - ice dragon
Aim: an ice dragon (flame, heavily wounded, catching its breath)
You shoot a stone. The stone hits the ice dragon.
The ice dragon is heavily wounded.
The ice dragon is engulfed in blazing flames.
You block the ice dragon's attack. x2; The ice dragon tramples you!
You die...
Your body crumbles into a pile of gold.

.# #.# #.# ## #.# #.# #
#.# #.# # #.# #########.#
# ###.# #.......... #
#...###.......... #
#.#.#.'..........
##############
##.###.#..........
.............###@##
#.#..........
#####.#####..##D##
##.#..........
.)...........###.#
#..........(..
#....#.####.##
#.#*##.#.......###
#....#..# #.#**#..*
#.#.......#
#######.###.#*,.D##
#.#.......# #
#..##.#**...**#...#.....#
# #
##.####*....,*#.#.#.#...#
# # #.##
*....,*#.#...#...# #


You could see an ice dragon.

Vanquished Creatures
  Snorg (D:10)
  Fannar (D:11)
  Erica (D:8)
  Urug (D:11)
  The ghost of Totori the Destroyer, a novice DrCj of Ru (D:8)
  An unseen horror (D:11)
  Pikel (D:4)
  Joseph (D:10)
  Psyche (D:11)
  A gargoyle (D:7)
  A centaur skeleton (D:11)
  A troll (D:10)
  3 polar bears (D:11)
  A hornet (D:10)
  3 hippogriffs
  A centaur simulacrum (D:10)
  A wyvern (D:9)
  13 yaks (D:11)
  A steam dragon (D:10)
  A hungry ghost (D:10)
  Menkaure (D:6)
  Eustachio (D:5)
  A water moccasin (D:8)
  An ice beast (D:10)
  6 orc warriors
  3 sky beasts
  4 slaves (D:5)
  3 black bears
  A necrophage (D:11)
  2 phantoms
  5 wolves (D:11)
  2 centaurs
  4 ogres
  A big kobold (D:9)
  5 bullfrogs
  10 killer bees (D:11)
  3 troll zombies (D:10)
  19 wights
  6 howler monkeys
  2 crimson imps
  4 jellies
  6 orc wizards
  5 orc priests
  4 hounds
  Terence (D:2)
  6 worker ants
  4 iguanas
  5 ogre zombies (D:10)
  A hound skeleton (D:6)
  2 worker ant zombies
  7 gnolls
  A howler monkey skeleton (D:10)
  9 adders
  A shadow imp (D:6)
  An adder zombie (D:7)
  An adder skeleton (D:4)
  A worm (D:2)
  2 dart slugs (D:1)
  8 leopard geckos
  28 orcs
  5 giant cockroaches
  25 goblins
  10 hobgoblins
  22 jackals
  7 kobolds
  6 quokkas
  A ball python (D:1)
  10 bats
  4 frilled lizards
  5 goblin zombies (D:10)
  5 hobgoblin zombies (D:10)
  A jackal zombie (D:7)
  2 leopard gecko skeletons
  4 orc skeletons (D:10)
  11 orc zombies (D:10)
  A quokka skeleton (D:4)
  9 rats
  A fungus (D:2)
342 creatures vanquished.

Vanquished Creatures (collateral kills)
  An ice beast (D:5)
  A bullfrog (D:8)
  A wight (D:6)
  Crazy Yiuf (D:2)
  A gnoll (D:2)
  An orc (D:5)
6 creatures vanquished.

Vanquished Creatures (others)
  Grum (D:11)
  A centaur (D:9)
  Robin (D:3)
3 creatures vanquished.

Grand Total: 351 creatures vanquished

Notes
Turn   | Place    | Note
-------+----------+-------------------------------------------
     0 | D:1      | Amnesiac the Mummy Wizard began the quest for the Orb.
     0 | D:1      | Reached XP level 1. HP: 13/13 MP: 5/5
   446 | D:2      | Reached XP level 2. HP: 20/20 MP: 2/7
   450 | D:2      | Learned a level 2 spell: Call Imp
   602 | D:2      | Reached skill level 1 in Fighting
   745 | D:2      | Found a runed door.
   890 | D:2      | Noticed Crazy Yiuf
   896 | D:2      | Killed Crazy Yiuf
   896 | D:2      | Reached XP level 3. HP: 26/26 MP: 5/8
   901 | D:2      | Learned a level 3 spell: Conjure Flame
   905 | D:2      | Learned a level 3 spell: Mephitic Cloud
   966 | D:2      | Found a glowing golden altar of the Shining One.
  1176 | D:3      | Found an opulent altar of Gozag.
  1183 | D:3      | Became a worshipper of Gozag Ym Sagoz the Greedy
  1352 | D:3      | Reached XP level 4. HP: 24/33 MP: 10/10
  1475 | D:3      | Noticed Robin
  1486 | D:3      | Killed Robin
  1585 | D:2      | Found a radiant altar of Vehumet.
  1708 | D:1      | Reached XP level 5. HP: 27/39 MP: 11/11
  2777 | D:2      | Noticed Terence
  2786 | D:2      | Killed Terence
  3390 | D:4      | Found a staircase to the Ecumenical Temple.
  3489 | D:4      | Reached XP level 6. HP: 44/47 MP: 12/12
  3675 | D:4      | Found a shattered altar of Ashenzari.
  3677 | D:4      | Found a blossoming altar of Fedhas.
  3679 | D:4      | Found a bloodstained altar of Trog.
  3679 | D:4      | Found a stormy altar of Qazlal.
  3978 | D:4      | Found a sparkling altar of Nemelex Xobeh.
  4221 | Temple   | Entered the Ecumenical Temple
  4242 | D:5      | Entered Level 5 of the Dungeon
  4270 | D:5      | Learned a level 2 spell: Blink
  4298 | D:5      | Noticed an ice beast
  4315 | D:5      | Killed an ice beast
  4315 | D:5      | Reached skill level 5 in Dodging
  4579 | D:5      | Reached XP level 7. HP: 15/54 MP: 8/13
  5509 | D:5      | Noticed Pikel
  5536 | D:4      | Killed Pikel
  5536 | D:4      | Reached skill level 5 in Fighting
  5536 | D:4      | Reached XP level 8. HP: 25/62 MP: 4/14
  5902 | D:5      | Found a shimmering altar of Xom.
  6154 | D:5      | Found an ornate altar of the Wu Jian Council.
  6532 | D:6      | Found a hide-covered altar of Uskayaw.
  6534 | D:6      | Found a snail-covered altar of Cheibriados.
  7009 | D:6      | Noticed Eustachio
  7277 | D:5      | Killed Eustachio
  7350 | D:6      | Noticed Menkaure
  7357 | D:6      | Killed Menkaure
  7458 | D:7      | Noticed a gargoyle
  7499 | D:7      | Noticed a hippogriff
  7515 | D:7      | Killed a hippogriff
  7515 | D:7      | Reached XP level 9. HP: 54/71 MP: 13/15
  7765 | D:7      | Found a sparkling altar of Nemelex Xobeh.
  8026 | D:7      | Found a basalt altar of Yredelemnul.
  8104 | D:7      | Found an iron altar of Okawaru.
  8132 | D:7      | You fall through a shaft!
  8590 | D:7      | Killed a gargoyle
  8590 | D:7      | Reached skill level 5 in Spellcasting
  9100 | D:8      | Noticed Totori's ghost (novice DrCj)
  9143 | D:8      | Killed Totori's ghost
  9143 | D:8      | Reached XP level 10. HP: 64/82 MP: 16/21
  9417 | D:8      | Noticed Erica
  9439 | D:8      | Killed Erica
  9601 | D:8      | Found a staircase to the Lair.
  9736 | D:9      | Identified a paperback manual
  9909 | D:8      | Reached skill level 1 in Shields
 10171 | D:8      | Reached skill level 2 in Shields
 10641 | D:9      | Reached skill level 3 in Shields
 11082 | D:9      | Found Mikh's Magic Scroll Boutique.
 11134 | D:9      | Reached skill level 4 in Shields
 11248 | D:10     | Entered Level 10 of the Dungeon
 11393 | D:10     | Reached skill level 5 in Shields
 11951 | D:10     | Reached skill level 6 in Shields
 11997 | D:10     | Found a staircase to the Orcish Mines.
 12066 | D:10     | Noticed Snorg
 12088 | D:10     | Killed Snorg
 12088 | D:10     | Reached skill level 7 in Shields
 12395 | D:10     | Reached XP level 11. HP: 73/89 MP: 21/24
 12446 | D:10     | Reached skill level 8 in Shields
 12757 | D:10     | Noticed Joseph
 12782 | D:10     | Killed Joseph
 12782 | D:10     | Reached skill level 9 in Shields
 13141 | D:11     | Noticed Psyche
 13200 | D:11     | Killed Psyche
 13274 | D:11     | Got a shimmering robe
 13323 | D:11     | Found a frozen archway.
 13326 | D:11     | Noticed an ice dragon
 13354 | D:11     | Reached skill level 10 in Shields
 13530 | D:11     | Noticed Urug
 13533 | D:11     | Noticed Grum
 13606 | D:11     | Reached skill level 11 in Shields
 13934 | D:11     | Killed Urug
 14132 | D:11     | Killed Grum
 14149 | D:11     | Noticed an unseen horror
 14164 | D:11     | Killed an unseen horror
 14164 | D:11     | Reached skill level 12 in Shields
 14412 | D:11     | Noticed Fannar
 14710 | D:11     | Killed Fannar
 14850 | D:11     | Identified the +0 robe of Sloth {MP+9 Stlth+} (You found it on level 11 of the Dungeon)
 15540 | D:11     | Slain by an ice dragon

Vault maps used:
D:1:      dpeg_cavernosity
D:2:      nicolae_overflow_hidden_temple, tso_metal_star, uniq_terence,
          uniq_crazy_yiuf_cottage
D:3:      grunt_gozag_breadcrumbs, uniq_robin
D:4:      lemuel_coloured_pillars_altar, grunt_temple_overflow_open,
          minmay_temple_entry_statues_pillars
D:5:      old_standard_altar, first_ration, basic_altar, uniq_pikel
D:6:      chequers_temple_overflow_statue_of_worship, portal_sewer_entry_d,
          uniq_menkaure, uniq_eustachio
D:7:      okawaru_gym_becter, basic_altar, serial_park, serial_park_tiny_2,
          serial_park_gazebo, serial_park_avenue1, serial_park_square1,
          serial_park_tiny_pond, grunt_ogre_cave
D:8:      lair_entry_dummy, uniq_erica
D:9:      serial_shops, shop_scrolls, solitary_fountain, amethyst_killhole
D:10:     zombieorc2_lemuel, minmay_misc_feat_tiny, uniq_snorg, uniq_joseph
D:11:     portal_ice_cave_entry_animals_and_master, enter_bailey_7, uniq_fannar,
          uniq_urug, uniq_grum, uniq_psyche
Temple:   minmay_temple_curvy_loop

Skill      XL: |  1  2  3  4  5  6  7  8  9 10 11 |
---------------+----------------------------------+-----
Dodging        | 2 3 4 5 6 8 9 |  9.0
Fighting       | 1 2 3 4 5 6 8 9 |  9.0
Spellcasting   | 7 9 |  9.0
Shields        | 7 12 | 12.4
Stealth        | |  1.5
Conjurations   | |  0.7
Summonings     | |  0.7
Translocations | |  0.7

Action                   |  1- 3 |  4- 6 |  7- 9 | 10-12 || total
-------------------------+-------+-------+-------+-------++-------
Melee: Unarmed           |     4 |       |       |       ||     4
       Long sword        |    15 |       |       |       ||    15
       Quarterstaff      |    19 |    45 |       |       ||    64
       Dagger            |       |   214 |       |       ||   214
 Fire: Hunting sling     |       |    16 |   535 |   999 ||  1550
 Cast: Magic Dart        |    20 |       |       |       ||    20
       Call Imp          |     6 |     3 |    25 |     8 ||    42
       Mephitic Cloud    |     1 |       |    20 |    37 ||    58
       Blink             |       |     1 |     2 |     1 ||     4
       Conjure Flame     |       |     1 |     1 |    24 ||    26
Invok: Potion Petition   |       |       |     1 |       ||     1
Evoke: Wand              |       |       |    12 |       ||    12
  Use: Scroll            |     4 |       |     8 |    12 ||    24
 Stab: Sleeping          |       |     5 |       |       ||     5
       Distracted        |       |     1 |       |       ||     1
Armor: Robe              |    14 |    59 |    79 |   104 ||   256
Dodge: Dodged            |    41 |   155 |   239 |   405 ||   840
Block: Other             |       |       |    48 |   167 ||   215
       Reflection        |       |       |     1 |    10 ||    11
       Shield            |       |       |       |    57 ||    57

Table legend:
 A = Spawn XP
 B = Non-spawn XP
 C = Spawn XP percentage of total XP
 D = Spawn monster count
 E = Non-spawn monster count
 F = Spawn count percentage of total count
 G = Total turns spent on level
                    A         B        C        D         E        F      G
               +---------+---------+-------+---------+---------+-------+---------
         Total |       0 |   21678 |   0.0 |       0 |     346 |   0.0 | 15540
               +---------+---------+-------+---------+---------+-------+---------
           D:1 |       0 |      66 |   0.0 |       0 |      36 |   0.0 |   928
           D:2 |       0 |     138 |   0.0 |       0 |      23 |   0.0 |  1480
           D:3 |       0 |     118 |   0.0 |       0 |      30 |   0.0 |   851
           D:4 |       0 |     790 |   0.0 |       0 |      17 |   0.0 |  1597
           D:5 |       0 |     755 |   0.0 |       0 |      22 |   0.0 |  1589
           D:6 |       0 |     856 |   0.0 |       0 |      27 |   0.0 |   789
           D:7 |       0 |    1654 |   0.0 |       0 |      21 |   0.0 |  1314
           D:8 |       0 |    3379 |   0.0 |       0 |      32 |   0.0 |  1770
           D:9 |       0 |    1021 |   0.0 |       0 |      24 |   0.0 |   716
          D:10 |       0 |    3627 |   0.0 |       0 |      52 |   0.0 |  1771
          D:11 |       0 |    9274 |   0.0 |       0 |      62 |   0.0 |  2521
               +---------+---------+-------+---------+---------+-------+---------
